 Dungeon Crawl Stone Soup version 0.26-a0-834-g69557b85cc (webtiles) character file.

Game seed: 120075663950034356

4741 robertstho the Frost Mage (level 10, 0/74 HPs)
             Began as a Gnoll Ice Elementalist on Nov 16, 2020.
             Was a Believer of Sif Muna.
             Killed by vampiric draining
             ... invoked by a vampire
              (18 damage)
             ... on level 10 of the Dungeon.
             The game lasted 00:16:29 (10714 turns).

robertstho the Frost Mage (Gnoll Ice Elementalist) Turns: 10714, Time: 00:16:30

Health: 0/74       AC: 15    Str: 10    XL:     10   Next: 46%
Magic:  21/21      EV: 18    Int: 21    God:    Sif Muna [**....]
Gold:   514        SH:  0    Dex: 19    Spells: 8/23 levels left

rFire    . . .     SeeInvis .   h - +1 flail (protect)
rCold    . . .     Faith    .   (no shield)
rNeg     . . .     Spirit   .   a - +0 robe
rPois    .         Reflect  .   t - +1 helmet
rElec    .         Harm     .   (no cloak)
rCorr    .         Rampage  .   z - +1 pair of gloves {Dex+3}
MR       .....                  k - +0 pair of boots
Stlth    ++++......             y - amulet of magic regeneration
HPRegen  0.22/turn              (no ring)
MPRegen  0.42/turn              (no ring)

@: protection aura, frozen ramparts
A: distributed training, fangs 1, strong nose
a: Channel Magic, Renounce Religion


You were on level 10 of the Dungeon.
You worshipped Sif Muna.
Sif Muna was pleased with you.
You visited 2 branches of the dungeon, and saw 11 of its levels.

You collected 514 gold pieces.

Inventory:

Hand Weapons
 h - a +1 flail of protection (weapon)
Missiles
 c - 93 poisoned darts (quivered)
Armour
 a - a +0 robe (worn)
 k - a +0 pair of boots (worn)
 t - a +1 helmet (worn)
 z - a +1 pair of gloves of dexterity (worn)
Magical Staves
 B - an uncursed staff of earth
Jewellery
 y - an amulet of magic regeneration (around neck)
Wands
 g - a wand of paralysis (7)
 C - a wand of iceblast (8)
Scrolls
 b - 2 scrolls of enchant weapon
 e - a scroll of fog
 i - 3 scrolls of enchant armour
 l - 2 scrolls of magic mapping
 p - a scroll of amnesia {unknown}
 q - 2 scrolls of remove curse {unknown}
 v - 9 scrolls of teleportation {unknown}
 w - a scroll of fear {unknown}
Potions
 d - a potion of curing
 f - 2 potions of might
 j - a potion of invisibility
 m - 2 potions of lignification {unknown}
 n - 2 potions of resistance {unknown}
 o - 2 potions of heal wounds {unknown}
 r - 2 potions of flight
 u - 2 potions of haste
 x - a potion of attraction


   Skills:
 + Level 5.3 Fighting
 + Level 5.3 Short Blades
 + Level 5.3 Long Blades
 + Level 5.3 Axes
 + Level 5.3 Maces & Flails
 + Level 5.3 Polearms
 + Level 5.3 Staves
 + Level 5.3 Slings
 + Level 5.3 Bows
 + Level 5.3 Crossbows
 + Level 5.3 Throwing
 + Level 5.3 Armour
 + Level 7.1 Dodging
 + Level 6.8 Stealth
 + Level 5.3 Shields
 + Level 5.3 Unarmed Combat
 + Level 7.4 Spellcasting
 + Level 4.3 Conjurations
 + Level 4.3 Hexes
 + Level 4.3 Summonings
 + Level 4.3 Necromancy
 + Level 4.3 Translocations
 + Level 4.3 Transmutations
 + Level 4.3 Fire Magic
 + Level 8.4 Ice Magic
 + Level 4.3 Air Magic
 + Level 4.3 Earth Magic
 + Level 4.3 Poison Magic
 + Level 5.8 Invocations
 + Level 5.3 Evocations


You had 8 spell levels left.
You knew the following spells:

 Your Spells              Type           Power        Failure   Level
a - Freeze                Ice            ####         1%          1
b - Frozen Ramparts       Ice            #####.       1%          3
c - Ozocubu's Armour      Ice            #####...     1%          3
d - Hailstorm             Conj/Ice       ####....     6%          4
e - Summon Ice Beast      Ice/Summ       ####....     6%          4

Your spell library contained the following spells:

 Spells                   Type           Power        Failure   Level
 Magic Dart               Conj           ####         1%          1
 Searing Ray              Conj           ####..       2%          2
 Sublimation of Blood     Necr           ####......   2%          2
 Dazzling Flash           Conj/Hex       ####..       4%          3
 Ignite Poison            Fire/Tmut/Pois ####....     4%          3
 Fulminant Prism          Conj/Hex       ####......   14%         4
 Iskenderun's Mystic Bla  Conj/Tloc      ####....     14%         4
 Petrify                  Tmut/Erth      ####....     14%         4
 Alistair's Intoxication  Tmut/Pois      ####.....    36%         5
 Irradiate                Conj/Tmut      ####......   36%         5
 Eringya's Noxious Bog    Tmut/Pois      ####......   91%         6


Dungeon Overview and Level Annotations

Branches:
Dungeon (10/15)            Temple (1/1) D:5
   Lair: D:8-11         Orc: D:9-12

Altars:
Ashenzari
Cheibriados
Dithmenos
Elyvilon
Fedhas
Gozag
Hepliaklqana
Kikubaaqudgha
Makhleb
Nemelex Xobeh
Okawaru
Qazlal
Ru
Sif Muna
Trog
Uskayaw
Vehumet
Wu Jian
Xom
Yredelemnul
Zin
The Shining One


Innate Abilities, Weirdness & Mutations

Your experience applies equally to all skills.
You have very sharp teeth.
Your uncanny sense of smell can sniff out nearby items.


Message History

You hear some strange, mumbled words.
Something tries to affect you, but you resist.
You hit something but do no damage.
Your weapon exudes an aura of protection.
The wall freezes something but do no damage.
Something hits you but does no damage. Something bites you!
Something draws strength from your injuries!
You hit something but do no damage.
The wall freezes something.
Something hits you!
* * * LOW HITPOINT WARNING * * *
Something bites you.
* * * LOW HITPOINT WARNING * * *
Something draws strength from your injuries!
You hit something but do no damage.
The wall freezes something but do no damage.
Something barely misses you. Something bites you.
* * * LOW HITPOINT WARNING * * *
Something draws strength from your injuries!
You feel better.
The wall freezes something.
Unholy energy fills the air.
You die...

#))...).......# #. #...
#.........##### #.# #... ∆
#.............# #.. #...
##..........#.#.##.###...
#.........)#.#.......... .
######+#.....####..##.#.
..######+#...#)......##.#
..........(##.##.###.##.#
.........@##.⌠.##.##.##.#
##.......####.####...##.#
#.......#.#.###.#...##.#
#......#.♣.###.⌠{#...#.#
######..#.###.#.#....#.#
###### ##..###{###.......#
......##.V###Y⌠.###.###..#
#.......##.#.#.##.###..#
#.......#.###.#.#..###.#


There were no monsters in sight!

Vanquished Creatures
  A two-headed ogre (D:9)
  A water moccasin (D:6)
  2 orc warriors
  A sky beast (D:6)
  2 ice beasts
  A phantom (D:7)
  A hornet zombie (D:10)
  4 ogres
  A centaur (D:5)
  4 bullfrogs
  A wyvern zombie (D:9)
  3 scorpions
  A water moccasin skeleton (D:4)
  4 killer bees (D:8)
  5 wights
  A howler monkey (D:4)
  5 bullfrog zombies
  2 quasits
  A jelly (D:6)
  7 orc priests
  2 bullfrog skeletons
  6 hounds
  An iguana (D:4)
  12 orc wizards
  11 worker ants
  A hound skeleton (D:4)
  12 adders
  3 shadow imps
  A white imp (D:7)
  2 ufetubi (D:7)
  An ooze (D:4)
  An adder skeleton (D:5)
  4 worms
  3 dart slugs
  3 leopard geckos
  21 orcs
  4 giant cockroaches
  12 goblins
  8 hobgoblins
  11 jackals
  15 kobolds
  7 quokkas
  6 bats
  4 frilled lizards
  6 rats
205 creatures vanquished.

Vanquished Creatures (collateral kills)
  2 ice beasts
  2 orc warriors (D:8)
  2 phantoms
  A necrophage (D:6)
  A killer bee (D:8)
  3 wights
  A bullfrog zombie (D:10)
  A quasit (D:9)
  2 hounds (D:7)
  A howler monkey skeleton (D:7)
  2 white imps
  3 orcs
21 creatures vanquished.

Grand Total: 226 creatures vanquished

Notes
Turn   | Place    | Note
-------+----------+-------------------------------------------
     0 | D:1      | robertstho the Gnoll Ice Elementalist began the quest for
                  | the Orb.
     0 | D:1      | Reached XP level 1. HP: 13/13 MP: 6/6
   291 | D:1      | Reached XP level 2. HP: 14/19 MP: 5/7
  1462 | D:2      | Reached XP level 3. HP: 23/25 MP: 9/9
  1466 | D:2      | Learned a level 3 spell: Frozen Ramparts
  1470 | D:2      | Learned a level 3 spell: Ozocubu's Armour
  1501 | D:2      | Reached skill level 5 in Spellcasting
  1937 | D:2      | Reached skill level 1 in Fighting
  1937 | D:2      | Reached skill level 1 in Short Blades
  1937 | D:2      | Reached skill level 1 in Long Blades
  1937 | D:2      | Reached skill level 1 in Axes
  1937 | D:2      | Reached skill level 1 in Maces & Flails
  1937 | D:2      | Reached skill level 1 in Polearms
  1937 | D:2      | Reached skill level 1 in Staves
  1937 | D:2      | Reached skill level 1 in Slings
  1937 | D:2      | Reached skill level 1 in Bows
  1937 | D:2      | Reached skill level 1 in Crossbows
  1937 | D:2      | Reached skill level 1 in Throwing
  1937 | D:2      | Reached skill level 1 in Armour
  1937 | D:2      | Reached skill level 1 in Shields
  1937 | D:2      | Reached skill level 1 in Unarmed Combat
  1937 | D:2      | Reached skill level 1 in Invocations
  1937 | D:2      | Reached skill level 1 in Evocations
  1937 | D:2      | Reached XP level 4. HP: 31/32 MP: 8/11
  2446 | D:2      | Reached skill level 1 in Conjurations
  2446 | D:2      | Reached skill level 1 in Hexes
  2446 | D:2      | Reached skill level 1 in Summonings
  2446 | D:2      | Reached skill level 1 in Necromancy
  2446 | D:2      | Reached skill level 1 in Translocations
  2446 | D:2      | Reached skill level 1 in Transmutations
  2446 | D:2      | Reached skill level 1 in Fire Magic
  2446 | D:2      | Reached skill level 1 in Air Magic
  2446 | D:2      | Reached skill level 1 in Earth Magic
  2446 | D:2      | Reached skill level 1 in Poison Magic
  2454 | D:2      | Learned a level 4 spell: Hailstorm
  3201 | D:3      | You fall into a shaft and drop 2 floors!
  3201 | D:5      | Entered Level 5 of the Dungeon
  3212 | D:5      | Reached XP level 5. HP: 37/37 MP: 8/12
  3243 | D:5      | Found a staircase to the Ecumenical Temple.
  3267 | Temple   | Entered the Ecumenical Temple
  3427 | D:5      | Noticed an ogre
  3447 | D:5      | Killed an ogre
  3448 | D:5      | Reached XP level 6. HP: 43/44 MP: 8/14
  3454 | D:5      | Learned a level 4 spell: Summon Ice Beast
  3540 | D:5      | Reached skill level 5 in Dodging
  4091 | D:5      | Reached XP level 7. HP: 19/50 MP: 11/15
  4607 | D:5      | Reached skill level 5 in Stealth
  5041 | D:5      | Reached XP level 8. HP: 49/57 MP: 12/16
  7541 | D:7      | Reached XP level 9. HP: 54/64 MP: 18/18
  7652 | D:7      | Found a hazy altar of Hepliaklqana.
  7949 | D:7      | Found a shimmering blue altar of Sif Muna.
  7968 | D:7      | Became a worshipper of Sif Muna the Loreminder
  8543 | D:8      | Reached skill level 8 in Ice Magic
  8680 | D:8      | Reached * piety under Sif Muna
  9290 | D:9      | Noticed a two-headed ogre
  9311 | D:9      | Killed a two-headed ogre
  9312 | D:9      | Reached skill level 5 in Invocations
  9312 | D:9      | Reached XP level 10. HP: 28/72 MP: 8/20
  9581 | D:9      | Reached skill level 5 in Fighting
  9581 | D:9      | Reached skill level 5 in Short Blades
  9581 | D:9      | Reached skill level 5 in Long Blades
  9581 | D:9      | Reached skill level 5 in Axes
  9581 | D:9      | Reached skill level 5 in Maces & Flails
  9581 | D:9      | Reached skill level 5 in Polearms
  9581 | D:9      | Reached skill level 5 in Staves
  9581 | D:9      | Reached skill level 5 in Slings
  9581 | D:9      | Reached skill level 5 in Bows
  9581 | D:9      | Reached skill level 5 in Crossbows
  9581 | D:9      | Reached skill level 5 in Throwing
  9581 | D:9      | Reached skill level 5 in Armour
  9581 | D:9      | Reached skill level 5 in Shields
  9581 | D:9      | Reached skill level 5 in Unarmed Combat
  9581 | D:9      | Reached skill level 5 in Evocations
 10329 | D:10     | Entered Level 10 of the Dungeon
 10368 | D:10     | Reached ** piety under Sif Muna
 10714 | D:10     | Killed from afar by a vampire

Illustrated notes

Levels and vault maps discovered:
D:1:      dpeg_arrival_shrine, layout_basic
D:2:      kennysheep_six_static_rooms, layout_loops_ring
D:3:      minmay_evil_eye, layout_rooms
D:4:      layout_rooms
D:5:      layout_basic, minmay_temple_entry_mini_moons, serial_curves,
          eino_curves_02, eino_curves_04, chequers_serial_rivers_micro_c
D:6:      layout_basic, hangedman_decor_slide_cut
D:7:      layout_gridville, lemuel_coloured_pillars_altar, kennysheep_mini_moat
D:8:      layout_cave_pools
D:9:      layout_loops_ring
D:10:     layout_basic, david_orc_4, grunt_decor_mini_mirrors, uniq_erolcha
Temple:   regret_index_temple_chain_breaker

Skill      XL: |  1  2  3  4  5  6  7  8  9 10 |
---------------+-------------------------------+-----
Spellcasting   | 5 6 7 |  7.4
Fighting       | 1 2 3 4 5 |  5.3
Short Blades   | 1 2 3 4 5 |  5.3
Long Blades    | 1 2 3 4 5 |  5.3
Axes           | 1 2 3 4 5 |  5.3
Maces & Flails | 1 2 3 4 5 |  5.3
Polearms       | 1 2 3 4 5 |  5.3
Staves         | 1 2 3 4 5 |  5.3
Slings         | 1 2 3 4 5 |  5.3
Bows           | 1 2 3 4 5 |  5.3
Crossbows      | 1 2 3 4 5 |  5.3
Throwing       | 1 2 3 4 5 |  5.3
Armour         | 1 2 3 4 5 |  5.3
Shields        | 1 2 3 4 5 |  5.3
Unarmed Combat | 1 2 3 4 5 |  5.3
Invocations    | 1 2 3 4 5 |  5.8
Evocations     | 1 2 3 4 5 |  5.3
Conjurations   | 1 2 3 4 |  4.3
Hexes          | 1 2 3 4 |  4.3
Summonings     | 1 2 3 4 |  4.3
Necromancy     | 1 2 3 4 |  4.3
Translocations | 1 2 3 4 |  4.3
Transmutations | 1 2 3 4 |  4.3
Fire Magic     | 1 2 3 4 |  4.3
Air Magic      | 1 2 3 4 |  4.3
Earth Magic    | 1 2 3 4 |  4.3
Poison Magic   | 1 2 3 4 |  4.3
Dodging        | 5 6 7 |  7.1
Stealth        | 5 6 |  6.8
Ice Magic      | 8 |  8.4

Action                   |  1- 3 |  4- 6 |  7- 9 | 10-12 || total
-------------------------+-------+-------+-------+-------++-------
Melee: Unarmed           |    18 |       |       |       ||    18
       Bite              |     7 |     3 |    11 |    12 ||    33
       Short sword       |    52 |       |       |       ||    52
       Flail             |       |    43 |   177 |   116 ||   336
       Punch             |       |     1 |     6 |     7 ||    14
 Cast: Freeze            |    21 |    10 |     3 |       ||    34
       Frozen Ramparts   |       |    14 |    53 |    16 ||    83
       Summon Ice Beast  |       |     1 |    22 |    20 ||    43
  Use: Scroll            |       |       |    11 |     2 ||    13
       Potion            |       |       |     1 |     1 ||     2
 Stab: Sleeping          |     7 |     3 |     2 |     1 ||    13
       Distracted        |       |       |     1 |     1 ||     2
Armor: Robe              |    16 |    17 |    64 |    42 ||   139
Dodge: Dodged            |    69 |    63 |   163 |   102 ||   397

Table legend: (Time is in decaauts)
 A = Elapsed time spent in this place.
 B = Non-inter-level travel time spent in this place.
 C = Inter-level travel time spent in this place.
 D = Time resting spent in this place.
 E = Time spent auto-exploring this place.
 F = Levels seen in this place.
 G = Mean time per level.
                   A        B        C        D        E       F      G
               +--------+--------+--------+--------+--------+-----+--------+
         Total |  10795 |  10193 |    602 |    204 |   7977 |  11 |  981.4 |
       Dungeon |  10652 |  10066 |    586 |    204 |   7851 |  10 | 1065.2 |
        Temple |    142 |    126 |     16 |      0 |    126 |   1 |  142.0 |
               +--------+--------+--------+--------+--------+-----+--------+

Top non-repeatable levels by time:
     D:5: 1890 daAuts
     D:1: 1467 daAuts
     D:2: 1349 daAuts
     D:9: 1147 daAuts
     D:3: 1132 daAuts
     D:6: 1008 daAuts
     D:7: 800 daAuts
     D:4: 733 daAuts
     D:8: 727 daAuts
    D:10: 394 daAuts
  Temple: 142 daAuts
